 Dungeon Crawl Stone Soup version 0.27-a0-994-g5030419646 (webtiles) character file.

Game seed: 16093069199717961592

441 Ijustatesigmund the Chopper (level 6, -1/49 HPs)
             Began as a Demonspawn Fighter on Apr 16, 2021.
             Was an Initiate of Cheibriados.
             Slain by a sky beast (5 damage)
             ... on level 5 of the Dungeon.
             The game lasted 00:04:39 (4594 turns).

Ijustatesigmund the Chopper (Demonspawn Fighter)    Turns: 4594, Time: 00:04:41

Health: -1/49      AC:  7    Str: 18    XL:     6   Next: 71%
Magic:  7/7        EV:  8    Int: 11    God:    Cheibriados [......]
Gold:   209        SH:  0    Dex: 14    Spells: 5/5 levels left

rFire    . . .     SeeInvis .   a - +0 war axe
rCold    . . .     Faith    .   c - +0 kite shield
rNeg     . . .     Spirit   .   b - +0 scale mail
rPois    .         Reflect  .   j - +0 helmet
rElec    .         Harm     .   (no cloak)
rCorr    .         Rampage  .   (no gloves)
Will     .....                  (no boots)
Stlth    ..........             (no amulet)
HPRegen  0.16/turn              (no ring)
MPRegen  0.10/turn              (no ring)

@: confused, ambrosia-drunk, very slow
A: hooves 2, condensation shield
a: Renounce Religion, Bend Time


You were on level 5 of the Dungeon.
You worshipped Cheibriados.
Cheibriados was noncommittal.
You visited 2 branches of the dungeon, and saw 6 of its levels.

You collected 209 gold pieces.

Inventory:

Hand Weapons
 a - a +0 war axe (weapon)
Armour
 b - a +0 scale mail (worn)
 c - a +0 kite shield (worn)
 j - a +0 helmet (worn)
Wands
 g - a wand of paralysis (4)
Scrolls
 h - a scroll of immolation {unknown}
Potions
 d - a potion of might
 e - a potion of cancellation
 f - a potion of resistance
 i - a potion of degeneration {unknown}
 l - a potion of ambrosia
 m - a potion of curing {unknown}
 n - a potion of heal wounds {unknown}


   Skills:
 + Level 4.4 Fighting
 * Level 4.7 Axes
 - Level 2.6 Armour
 + Level 2.7 Dodging
 - Level 2.6 Shields
 + Level 2.1 Invocations


You had 5 spell levels left.
You didn't know any spells.
Your spell library contained the following spells:

 Spells                   Type           Power      Damage    Failure   Level
 Animate Skeleton         Necr           0%         N/A       99%         1
 Pain                     Necr           0%         1d4       99%         1
 Vampiric Draining        Necr           0%         2d6       100%        3
 Animate Dead             Necr           0%         N/A       100%        4
 Agony                    Necr           0%         N/A       100%        5


Dungeon Overview and Level Annotations

Branches:
Dungeon (5/15)             Temple (1/1) D:4

Altars:
Ashenzari
Cheibriados
Elyvilon
Fedhas
Gozag
Hepliaklqana
Nemelex Xobeh
Okawaru
Ru
Trog
Wu Jian
Zin
The Shining One


Innate Abilities, Weirdness & Mutations

You have hoof-like feet.
A meltable shield of frost defends you. (SH +4)


Message History

You miss something. You hit the ogre. Something hits you but does no damage.
The ogre hits you with a +0 giant club! Something hits you but does no damage.
You are too injured to fight recklessly!
You are too injured to fight recklessly!
You are too injured to fight recklessly!
You are too injured to fight recklessly!
You are too injured to fight recklessly!
You are too injured to fight recklessly!
You are too injured to fight recklessly!
You are too injured to fight recklessly!
You are too injured to fight recklessly!
You are too injured to fight recklessly!
You are too injured to fight recklessly!
You are too injured to fight recklessly!
You are too injured to fight recklessly!
You are too injured to fight recklessly!
You hit the ogre. You kick the ogre.
You kill the ogre!
Cheibriados appreciates the change of pace.
You closely miss something. Something hits you but does no damage.
Your Invocations skill increases to level 2!
You closely miss something. You kick something. You block something's attack.
Something hits you. Something shocks you.
* * * LOW HITPOINT WARNING * * *
You barely miss something. You kick something.
Something hits you but does no damage.
You miss something. You kick something.
An adder comes into view.
Something hits you but does no damage. Something hits you.
* * * LOW HITPOINT WARNING * * *
Something shocks you.
* * * LOW HITPOINT WARNING * * *
It was a potion of ambrosia.
You are confused.
You feel invigorated.
The adder hisses angrily.
Something hits you.
* * * LOW HITPOINT WARNING * * *
Something shocks you.
You die...

#.##### ####..# #.#
....... #..# #.# ##
..._... #..# ... #..
...S... #..# #.#
..#####.......#####..#
#.# ....#....
....#.....#
#..#⌠.##+##.⌠#.....#
#.†#.##...##.#.#####
#.{@).....#....#
#.....#...#..###
#.#...##+##.##
#.###.......# #
#######.# ..# ..## .##
#.


You could see an adder.

Vanquished Creatures
  A hornet zombie (D:5)
  An ogre (D:5)
  A bullfrog zombie (D:5)
  A hound (D:5)
  A centaur skeleton (D:4)
  2 orc wizards (D:3)
  4 adders
  2 white imps (D:5)
  A worm (D:3)
  2 dart slugs (D:1)
  3 orcs (D:3)
  7 ball pythons
  4 bats
  6 endoplasms
  4 giant cockroaches
  5 goblins
  4 hobgoblins
  8 jackals
  11 kobolds
  4 quokkas
  5 rats
77 creatures vanquished.

Notes
Turn   | Place    | Note
-------+----------+-------------------------------------------
     0 | D:1      | Ijustatesigmund the Demonspawn Fighter began the quest for
                  | the Orb.
     0 | D:1      | Reached XP level 1. HP: 18/18 MP: 1/1
   414 | D:1      | Gained mutation: You have large cloven feet. [demonic
                  | ancestry]
   414 | D:1      | Reached XP level 2. HP: 19/24 MP: 2/2
   933 | D:1      | Reached skill level 1 in Dodging
  1054 | D:1      | Gained mutation: You have hoof-like feet. [demonic
                  | ancestry]
  1054 | D:1      | Reached XP level 3. HP: 29/29 MP: 3/3
  2671 | D:3      | Reached XP level 4. HP: 35/35 MP: 4/4
  2998 | D:3      | Gained mutation: A meltable shield of frost defends you.
                  | (SH +4) [demonic ancestry]
  2998 | D:3      | Reached XP level 5. HP: 32/37 MP: 5/5
  3108 | D:3      | Paralysed by a kobold for 7 turns
  3405 | D:3      | Found a sacrificial altar of Ru.
  3467 | D:3      | Found a hazy altar of Hepliaklqana.
  3868 | D:4      | Found a staircase to the Ecumenical Temple.
  3882 | Temple   | Entered the Ecumenical Temple
  4014 | Temple   | Became a worshipper of Cheibriados the Contemplative
  4264 | D:5      | Entered Level 5 of the Dungeon
  4296 | D:5      | Reached skill level 1 in Invocations
  4296 | D:5      | Reached XP level 6. HP: 16/48 MP: 6/6
  4568 | D:5      | Found a broken altar of Ashenzari.
  4584 | D:5      | Noticed a sky beast
  4594 | D:5      | Slain by a sky beast

Illustrated notes

Levels and vault maps discovered:
D:1:      dpeg_arrival_short_road, layout_basic, minivault_11,
          minmay_misc_feat_square, nrook_uturn
D:2:      layout_loops_corners
D:3:      layout_basic, lemuel_coloured_pillars_altar, old_standard_altar,
          overflow_temple_1_default, minivault_25
D:4:      layout_cave_pools, minmay_temple_entry_wispy
D:5:      layout_loops_corners, evilmike_ruin_ashenzari,
          kennysheep_vampire_church, gammafunk_ghost_necromancy,
          supply_closet_lemuel
Temple:   nicolae_temple_figure_zero

Skill      XL: |  1  2  3  4  5  6 |
---------------+-------------------+-----
Axes           | 2 3 4 |  4.7
Dodging        | 1 2 |  2.7
Fighting       | 4 |  4.4
Invocations    | 1 2 |  2.1
Armour         | |  2.6
Shields        | |  2.6

Action                   |  1- 3 |  4- 6 || total
-------------------------+-------+-------++-------
Melee: War axe           |   109 |   100 ||   209
       Kick              |    20 |    31 ||    51
  Use: Scroll            |     2 |     3 ||     5
       Potion            |       |     2 ||     2
Armor: Scale mail        |    53 |    63 ||   116
       Skin              |       |    19 ||    19
Dodge: Dodged            |    32 |    24 ||    56
Block: Kite shield       |    58 |    55 ||   113

Table legend: (Time is in decaauts)
 A = Elapsed time spent in this place.
 B = Non-inter-level travel time spent in this place.
 C = Inter-level travel time spent in this place.
 D = Time resting spent in this place.
 E = Time spent auto-exploring this place.
 F = Levels seen in this place.
 G = Mean time per level.
                   A        B        C        D        E       F      G
               +--------+--------+--------+--------+--------+-----+--------+
         Total |   4809 |   4647 |    162 |    716 |   3360 |   6 |  801.5 |
       Dungeon |   4665 |   4533 |    132 |    716 |   3247 |   5 |  933.0 |
        Temple |    144 |    114 |     30 |      0 |    113 |   1 |  144.0 |
               +--------+--------+--------+--------+--------+-----+--------+

Top non-repeatable levels by time:
     D:1: 1347 daAuts
     D:3: 1211 daAuts
     D:2: 1123 daAuts
     D:4: 611 daAuts
     D:5: 370 daAuts
  Temple: 144 daAuts
